 Dungeon Crawl Stone Soup version bcrawl-1.12.2 (webtiles) character file.

Game seed: 5707304849310118572

9 Ebbett the Magician (level 2, -1/19 HPs)
             Began as a Gnoll Wanderer on July 23, 2019.
             Slain by a jackal (2 damage)
             ... on level 1 of the Dungeon.
             The game lasted 00:00:15 (141 turns).

Ebbett the Magician (Gnoll Wanderer)                 Turns: 141, Time: 00:00:16

Health: -1/19      AC:  2    Str: 16    XL:     2   Next: 12%
Magic:  10/10      EV: 11    Int: 10    God:
Gold:   16         SH:  0    Dex: 16    Spells: 15/15 levels left

rFire    . . .     SeeInvis .   a - +2 dagger
rCold    . . .     Gourm    .   (no shield)
rNeg     . . .     Faith    .   e - +0 robe
rPois    .         Spirit   .   (no helmet)
rElec    .         Reflect  .   (no cloak)
rCorr    .         Harm     .   (no gloves)
MR       .....                  (no boots)
Stlth    ++........             (no amulet)
HPRegen  0.06/turn              (no ring)
MPRegen  0.12/turn              (no ring)

@: no status effects
A: distributed training, fangs 1, strong nose
a: no special abilities


You were on level 1 of the Dungeon.
You were not hungry.

You visited 1 branch of the dungeon, and saw 1 of its levels.

You collected 16 gold pieces.

Inventory:

Hand Weapons
 a - a +2 dagger (weapon)
Armour
 e - a +0 robe (worn)
Scrolls
 c - a scroll of immolation {unknown}
Potions
 b - a potion of heal wounds
 d - a potion of berserk rage {unknown}
 g - a potion of curing {unknown}
Comestibles
 f - a ration {!d}


   Skills:
 + Level 0.2 Fighting
 + Level 0.2 Short Blades
 + Level 0.2 Long Blades
 + Level 0.2 Axes
 + Level 0.2 Maces & Flails
 + Level 0.2 Polearms
 + Level 0.2 Staves
 + Level 0.2 Slings
 + Level 0.2 Bows
 + Level 0.2 Crossbows
 + Level 0.2 Throwing
 + Level 0.2 Armour
 + Level 0.2 Dodging
 + Level 2.4 Stealth
 + Level 2.4 Shields
 + Level 0.2 Unarmed Combat
 + Level 7.1 Spellcasting
 + Level 0.1 Conjurations
 + Level 0.1 Hexes
 + Level 0.1 Charms
 + Level 0.1 Summonings
 + Level 5.3 Necromancy
 + Level 2.0 Translocations
 + Level 0.1 Transmutations
 + Level 2.0 Fire Magic
 + Level 0.1 Ice Magic
 + Level 0.1 Air Magic
 + Level 0.1 Earth Magic
 + Level 0.1 Poison Magic
 + Level 0.3 Invocations
 + Level 0.2 Evocations


You had 15 spell levels left.
You didn't know any spells.
Your spell library contained the following spells:

 Spells                   Type           Power        Failure   Level  Hunger
 Apportation              Tloc           #.....       9%          1    None
 Blink                    Tloc           N/A          12%         2    ##.....
 Infusion                 Chrm           #.......     17%         1    None
 Magic Dart               Conj           #...         17%         1    None
 Sandblast                Erth           #.....       17%         1    None
 Slow                     Hex            #.......     17%         1    None
 Summon Butterflies       Summ           #.......     17%         1    None
 Call Imp                 Summ           #.......     26%         2    ##.....
 Conjure Flame            Conj/Fire      #.......     34%         3    ###....
 Mephitic Cloud           Conj/Pois/Air  #.......     45%         3    ###....


Dungeon Overview and Level Annotations

Branches:
Dungeon (1/12)

Altars:


Innate Abilities, Weirdness & Mutations

Your experience applies equally to all skills.
You have very sharp teeth.
Your uncanny sense of smell can sniff out nearby items.


Message History

There are monsters nearby!
There are monsters nearby!
There are monsters nearby!
A jackal comes into view.
The jackal moves out of view.
The jackal barks!
A jackal comes into view.
The jackal bites you.
* * * LOW HITPOINT WARNING * * *
You closely miss the jackal. You bite the jackal, but do no damage.
The jackal closely misses you. x2
The jackal barks!
You hit the jackal.
The jackal is moderately wounded.
The jackal bites you.
* * * LOW HITPOINT WARNING * * *
You hit the jackal but do no damage.
The jackal is moderately wounded.
The jackal bites you.
You die...

#.# #
###########..... #.#
##..... #.# ##...#..
#.# ##...###. #.#
##...## ## ##.######
##...## #
#####.......# #####
#...## ####
.......####.#####...#
##.#####.#.
..###.....hh..hh@.#.#
#.##......
#.###...###.#####...#
#.##.##>.#
#...h...###.# ##.##
#)##.##...
.###.....##.# ##.##
#.......##
.####...###.# #...#
####.####
.......####.# #.#.#
#.# .####.......#
#...# #.# ##.######
#.### #.# ∆ ##'## #.#
#.#


You could see 4 jackals.

Vanquished Creatures
  An ooze (D:1)
  A dart slug (D:1)
  A kobold (D:1)
  A rat (D:1)
4 creatures vanquished.

Notes
Turn   | Place    | Note
-------+----------+-------------------------------------------
     0 | D:1      | Ebbett the Gnoll Wanderer began the quest for the Orb.
     0 | D:1      | Ebbett set off with the following items: a +2 dagger, a
                  | potion of heal wounds, a +0 robe, a ration {!d}; and the
                  | following spells available to memorise: Apportation, Blink,
                  | Infusion, Magic Dart, Sandblast, Slow, Summon Butterflies,
                  | Call Imp, Conjure Flame, Mephitic Cloud
     0 | D:1      | Reached XP level 1. HP: 13/13 MP: 8/8
   120 | D:1      | Reached XP level 2. HP: 4/19 MP: 10/10
   141 | D:1      | Slain by a jackal

Skill      XL: |  1 |
---------------+----+-----
Translocations | 2 |  2.0
Fire Magic     | 2 |  2.0
Fighting       | |  0.2
Short Blades   | |  0.2
Long Blades    | |  0.2
Axes           | |  0.2
Maces & Flails | |  0.2
Polearms       | |  0.2
Staves         | |  0.2
Slings         | |  0.2
Bows           | |  0.2
Crossbows      | |  0.2
Throwing       | |  0.2
Armour         | |  0.2
Dodging        | |  0.2
Stealth        | |  2.4
Shields        | |  2.4
Unarmed Combat | |  0.2
Spellcasting   | |  7.1
Conjurations   | |  0.1
Hexes          | |  0.1
Charms         | |  0.1
Summonings     | |  0.1
Necromancy     | |  5.3
Transmutations | |  0.1
Ice Magic      | |  0.1
Air Magic      | |  0.1
Earth Magic    | |  0.1
Poison Magic   | |  0.1
Invocations    | |  0.3
Evocations     | |  0.2

Action                   || total
-------------------------++-------
Melee: Dagger            ||    14
       Bite              ||     3
 Stab: Sleeping          ||     2
Dodge: Dodged            ||     6
